 Dungeon Crawl Stone Soup version 0.27.0-1-g7a089689b8 (webtiles) character file.

Game seed: 15530956021423148471

56 Smaepdii the Bolt Thrower (level 4, -1/33 HPs)
             Began as a Human Hunter on Aug 5, 2021.
             Slain by an orc (4 damage)
             ... on level 2 of the Dungeon.
             The game lasted 00:08:30 (2313 turns).

Smaepdii the Bolt Thrower (Human Hunter)            Turns: 2313, Time: 00:08:31

Health: -1/33      AC:  3    Str: 13    XL:     4   Next: 15%
Magic:  4/4        EV: 11    Int: 12    God:
Gold:   137        SH:  0    Dex: 13    Spells: 3/3 levels left

rFire    . . .     SeeInvis .   a - +1 hand crossbow
rCold    . . .     Faith    .   (no shield)
rNeg     . . .     Spirit   .   c - +0 leather armour
rPois    .         Reflect  .   (no helmet)
rElec    .         Harm     .   (no cloak)
rCorr    .         Rampage  .   (no gloves)
Will     .....                  (no boots)
Stlth    +.........             (no amulet)
HPRegen  0.11/turn              (no ring)
MPRegen  0.09/turn              (no ring)

@: no status effects
A: no striking features
a: no special abilities


You were on level 2 of the Dungeon.
You visited 1 branch of the dungeon, and saw 3 of its levels.

You collected 137 gold pieces.

Inventory:

Hand Weapons
 a - a +1 hand crossbow (weapon)
 b - a +0 spear
Missiles
 d - 5 bolts (quivered ammo)
Armour
 c - a +0 leather armour (worn)
 e - a +0 chain mail
Scrolls
 f - a scroll of blinking {unknown}
 g - a scroll of identify {unknown}
 h - 2 scrolls of enchant weapon {unknown}
 i - a scroll of fear {unknown}
Potions
 j - a potion of heal wounds {unknown}
 k - a potion of curing {unknown}


   Skills:
 - Level 2.0 Fighting
 * Level 5.4 Crossbows
 - Level 2.0 Dodging
 - Level 1.0 Stealth


You had 3 spell levels left.
You didn't know any spells.
Your spell library contained the following spells:

 Spells                   Type           Power      Damage    Failure   Level
 Corpse Rot               Necr/Air       N/A        N/A       54%         2
 Ozocubu's Armour         Ice            0%         N/A       77%         3
 Dispel Undead            Necr           0%         3d6       99%         4
 Metabolic Englaciation   Hex/Ice        0%         N/A       100%        5
 Death Channel            Necr           0%         N/A       100%        6
 Simulacrum               Ice/Necr       0%         N/A       100%        6
 Ozocubu's Refrigeration  Ice            0%         4d5       100%        7


Dungeon Overview and Level Annotations

Branches:
Dungeon (3/15)

Altars:


Message History

The orc priest is severely wounded.
The orc priest looks satisfied for a moment.
Fire: 8 bolts
Press: ? - help, Q - select action Shift-Dir - straight line, f/p - orc priest
Aim: an orc priest, wielding a +0 short sword and wearing a +0 ring mail (severely wounded, 69% to hit)
You shoot a bolt.
The bolt completely misses the orc priest.
The bolt completely misses the orc.
The bolt barely misses the orc priest.
The bolt barely misses the orc.
The bolt closely misses the orc wizard.
The orc priest calls down the wrath of Beogh upon you.
Pain shoots through your body!
The orc priest calls down the wrath of Beogh upon you.
Beogh smites you!
The orc priest mumbles some strange prayers to Beogh against you.
Beogh smites you!
* * * LOW HITPOINT WARNING * * *
The orc priest miscasts a cantrip.
Okay, then.
Okay, then.
The orc priest miscasts a cantrip.
There is a stone staircase leading up here.
Sorry, you're not good enough to have a special ability.
There are no items here.
The orc hits you with a +0 club.
* * * LOW HITPOINT WARNING * * *
You climb upwards.
There is a stone staircase leading down here.
Fire: 7 bolts
Press: ? - help, Q - select action Shift-Dir - straight line, f - orc
Aim: an orc, wielding a +0 club and wearing a +0 leather armour (65% to hit)
You shoot a bolt. The bolt hits the orc.
The orc is almost dead.
The orc barely misses you.
Fire: 6 bolts
Press: ? - help, Q - select action Shift-Dir - straight line, f/p - orc
Aim: an orc, wielding a +0 club and wearing a +0 leather armour (almost dead, 65% to hit)
You shoot a bolt. The bolt barely misses the orc.
The orc hits you with a +0 club.
You die...

#..........#.##..##...
#<...>.....#.###....##
#.........<..........#
#....................#
#....................#
#..........####.###...
#####..#...# ##.# ###.
#o##.#.###..# #.
###@#..#.....## #.
#.....#...#.#######.
#.......###.........
#..............####.
#.....##.......####>
#.....##.......#....
#.....##.........###
#.....##.......###
#.....##.......#


You could see an orc.

Vanquished Creatures
  A gnoll (D:1)
  2 adders (D:2)
  A worm (D:2)
  4 goblins
  3 hobgoblins
  2 kobolds (D:1)
  A quokka (D:2)
  3 ball pythons
  3 bats
  5 frilled lizards
  4 rats (D:1)
29 creatures vanquished.

Notes
Turn   | Place    | Note
-------+----------+-------------------------------------------
     0 | D:1      | Smaepdii the Human Hunter began the quest for the Orb.
     0 | D:1      | Reached XP level 1. HP: 16/16 MP: 1/1
   339 | D:1      | Reached XP level 2. HP: 21/22 MP: 2/2
   787 | D:1      | Reached XP level 3. HP: 27/27 MP: 3/3
  1244 | D:2      | Reached skill level 5 in Crossbows
  1529 | D:2      | Reached XP level 4. HP: 33/33 MP: 4/4
  2276 | D:3      | HP: 1/33 [orc priest/divine providence (14)]
  2313 | D:2      | Slain by an orc

Illustrated notes

Levels and vault maps discovered:
D:1:      elethiomel_arrival_infinity_welcomes_careful_drivers,
          layout_loops_ring, hangedman_feature_mirror
D:2:      layout_rooms
D:3:      minmay_chambers_of_threes, layout_basic, mainiacjoe_overflow_alcove_4,
          mainiacjoe_overflow_small_starburst, kennysheep_jessica_study

Skill      XL: |  1  2  3 |
---------------+----------+-----
Crossbows      | 5 |  5.4
Fighting       | |  2.0
Dodging        | |  2.0
Stealth        | |  1.0

Action                   |  1- 3 |  4- 6 || total
-------------------------+-------+-------++-------
Melee: Spear             |    13 |    43 ||    56
       Short sword       |     1 |       ||     1
 Fire: Hand crossbow     |    47 |    17 ||    64
Armor: Leather armour    |     3 |     1 ||     4
Dodge: Dodged            |    16 |    11 ||    27
